AoeStats
← Divigofo

Hideout

509154919Analyzed
1v1 RM · 5d ago on Sep 25, 2026· 22m 12s· 2 players
Game mode
Random Map
Map size
Tiny (2 player)
Population
200
Speed
Normal
Resources
Standard
Victory
Conquest
Starting age
Dark Age
Ending age
Imperial Age
RankedLock teamsTeams togetherTeam positionsShared explorationLock speedFull tech treeHidden civsTurbo modeCheats
Victory
Defeat
🇲🇹 Romans · Malta
1132
+17
🇨🇷 Celts · Costa Rica
1148
-17
joeyvankoningsbruggen
10:37 Feudal Age
10:53 Man-at-Arms
11:24 Double-Bit Axe
12:37 Scale Mail Armor
16:23 Horse Collar
20:20 Castle Age
20:41 Forging
20:24 Long Swordsman
21:05 Squires
21:32 Chain Mail Armor
22:08 Gold Mining
Divigofo
8:09 Loom
10:43 Feudal Age
10:53 Man-at-Arms
11:25 Double-Bit Axe
11:47 Arson
15:19 Forging
21:30 Castle Age
21:02 Fletching
Connection lost

Rejoining the realm…

Still unreachable

The connection could not be restored.

Session expired

The server has moved on; the page needs a fresh start.